 Dungeon Crawl Stone Soup version 0.28-a0-413-gde365fb1df (webtiles) character file.

Game seed: 3736364134745575903

74 desmos the Cudgeller (level 4, 0/61 HPs)
             Began as a Hill Orc Berserker on Sept 8, 2021.
             Was a Believer of Trog.
             Succumbed to a killer bee's poison
             ... on level 3 of the Dungeon.
             The game lasted 00:13:37 (2374 turns).

desmos the Cudgeller (Hill Orc Berserker)           Turns: 2374, Time: 00:13:38

Health: 0/61       AC:  5    Str: 20    XL:     4   Next: 28%
Magic:  4/4        EV: 11    Int:  7    God:    Trog [**....]
Gold:   198        SH:  0    Dex: 10    Spells: 3/3 levels left

rFire   . . .      SeeInvis .   a - +0 mace
rCold   . . .      Faith    .   (no shield)
rNeg    . . .      Spirit   .   d - +0 leather armour
rPois   .          Reflect  .   (no helmet)
rElec   .          Harm     .   (no cloak)
rCorr   .          Rampage  .   g - +0 pair of gloves
Will    .....                   e - +0 pair of boots
Stlth   ..........              (no amulet)
HPRegen 0.20/turn               (no ring)
MPRegen 0.09/turn               (no ring)

@: berserking, lethally poisoned (0 -> -11), very quick
A: no striking features
a: Renounce Religion, Berserk, Trog's Hand


You were on level 3 of the Dungeon.
You worshipped Trog.
Trog was pleased with you.
You visited 1 branch of the dungeon, and saw 4 of its levels.

You collected 198 gold pieces.

Inventory:

Hand Weapons
 a - a +0 mace (weapon)
Armour
 d - a +0 leather armour (worn)
 e - a +0 pair of boots (worn)
 g - a +0 pair of gloves (worn)
Potions
 b - a potion of heal wounds
 f - a potion of lignification
 h - a potion of haste
 k - a potion of might


   Skills:
 + Level 4.4 Fighting
 * Level 4.4 Maces & Flails
 + Level 3.0 Armour
 - Level 1.6 Dodging


You had 3 spell levels left.
You didn't know any spells.
Your spell library was empty.

Dungeon Overview and Level Annotations

Branches:
Dungeon (4/15)
 Temple: D:4-7

Altars:

Shops:
D:1 (


Message History

The killer bee stings you but does no damage.
The killer bee stings you. The killer bee misses you.
You climb upwards.
There is a stone staircase leading down here.
You hit the killer bee.
The killer bee is lightly wounded.
The killer bee stings you but does no damage.
The killer bee stings you.
You are poisoned.
The killer bee poisons you!
You miss the killer bee.
The killer bee is lightly wounded.
You feel sick. The killer bee closely misses you. The killer bee stings you.
You are more poisoned.
The killer bee poisons you! The killer bee stings you!
A red film seems to cover your vision as you go berserk!
You feel yourself moving faster!
You feel mighty!
You feel very sick. The killer bee stings you.
* * * LOW HITPOINT WARNING * * *
You are lethally poisoned!
The killer bee poisons you! The killer bee stings you.
* * * LOW HITPOINT WARNING * * *
You sock the killer bee!
The killer bee is severely wounded.
* * * LOW HITPOINT WARNING * * *
You feel very sick. The killer bee stings you.
* * * LOW HITPOINT WARNING * * *
You are too berserk!
Unknown command.
Unknown command.
You closely miss the killer bee.
The killer bee is severely wounded.
* * * LOW HITPOINT WARNING * * *
You feel sick. The killer bee closely misses you.
The killer bee barely misses you.
You miss the killer bee.
The killer bee is severely wounded.
You die...

############ #..........#
###########.########.####
#........................
#.######y##.##..####.####
#.#### #@........(......#
#....# ###......####.##.#
####.# #...#.......##..
#.# #.........#####.
#######.#
#...###.....##..
#.......# #..##
#.....##..
#.####..#####..#
#.....##..
#.#....<##.##..#
#.....##..
##'#?#..###..#..#
###.####..


You could see a killer bee.

Vanquished Creatures
  3 adders
  A dart slug (D:1)
  7 endoplasms
  2 giant cockroaches
  4 goblins
  3 hobgoblins
  9 kobolds
  3 quokkas
  3 ball pythons
  3 bats
  5 frilled lizards
  3 rats
46 creatures vanquished.

Notes
Turn   | Place    | Note
-------+----------+-------------------------------------------
     0 | D:1      | desmos the Hill Orc Berserker began the quest for the Orb.
     0 | D:1      | Reached XP level 1. HP: 19/19 MP: 1/1
   159 | D:1      | Found Xaabim's Weapon Shop.
   200 | D:1      | Reached XP level 2. HP: 17/27 MP: 2/2
   897 | D:2      | Reached XP level 3. HP: 13/33 MP: 3/3
  1574 | D:2      | Found a faded altar of an unknown god.
  1800 | D:3      | Reached ** piety under Trog
  1807 | D:3      | Reached XP level 4. HP: 41/41 MP: 4/4
  2373 | D:3      | HP: 2/61 [poisoned by a killer bee]
  2374 | D:3      | Succumbed to a killer bee's poison

Illustrated notes

Levels and vault maps discovered:
D:1:      roderic_crossed_star, layout_basic, serial_shops, shop_coins,
          chequers_serial_rivers_room_a, corexii_item_surrounded_by_moat
D:2:      layout_loops_cross, chequers_ecumenical_altar_twisty
D:3:      layout_basic
D:4:      layout_basic, nemelex_dance_club_becter, uniq_sigmund, uniq_menkaure,
          uniq_ijyb

Skill      XL: |  1  2  3  4 |
---------------+-------------+-----
Fighting       | 4 |  4.4
Maces & Flails | 4 |  4.4
Armour         | 3 |  3.0
Dodging        | |  1.6

Action                   |  1- 3 |  4- 6 || total
-------------------------+-------+-------++-------
Melee: Mace              |    93 |    38 ||   131
Invok: Berserk           |       |     1 ||     1
  Use: Scroll            |     2 |     4 ||     6
Armor: Animal skin       |     2 |       ||     2
       Leather armour    |    15 |    18 ||    33
Dodge: Dodged            |    50 |    21 ||    71

Table legend: (Time is in decaauts)
 A = Elapsed time spent in this place.
 B = Non-inter-level travel time spent in this place.
 C = Inter-level travel time spent in this place.
 D = Time resting spent in this place.
 E = Time spent auto-exploring this place.
 F = Levels seen in this place.
 G = Mean time per level.
                   A        B        C        D        E       F      G
               +--------+--------+--------+--------+--------+-----+--------+
         Total |   2400 |   2320 |     80 |    484 |   1369 |   4 |  600.0 |
       Dungeon |   2400 |   2320 |     80 |    484 |   1369 |   4 |  600.0 |
               +--------+--------+--------+--------+--------+-----+--------+

Top non-repeatable levels by time:
     D:2: 898 daAuts
     D:1: 759 daAuts
     D:3: 736 daAuts
     D:4: 4 daAuts
